 Dungeon Crawl Stone Soup version 0.15-a0-1081-gb32516e (webtiles) character file.

181 DasRunzen the Covered (level 5, -9/38 HPs)
             Began as a Demonspawn Wanderer on May 28, 2014.
             Mangled by an ogre
             ... wielding a +0,+0 giant club
              (12 damage)
             ... on Level 3 of the Dungeon.
             The game lasted 00:04:19 (1519 turns).

DasRunzen the Covered (Demonspawn Wanderer)         Turns: 1519, Time: 00:04:19

HP  -9/38        AC  9     Str 12      XL: 5   Next: 34%
MP   5/5         EV 10     Int 14      God:
Gold 65          SH  0     Dex 13      Spells:  0 memorised,  4 levels left

rFire  . . .     SeeInvis .     c - +0,+2 falchion
rCold  . . .     Clarity  .     a - +2 scale mail
rNeg   . . .     Conserve .     (no shield)
rPois  .         rCorr    .     (no helmet)
rElec  .         rRot     .     (no cloak)
SustAb .         Spirit   .     (no gloves)
rMut   .         Warding  .     (no boots)
Gourm  .         Stasis   .     (no amulet)
MR     .....                    (no ring)
                                (no ring)

@: not resistant to hostile enchantments, extremely unstealthy
A: claws 2, repulsion field 1
a: no special abilities


You were on level 3 of the Dungeon.
You were hungry.

You visited 1 branch of the dungeon, and saw 4 of its levels.

You collected 65 gold pieces.

Inventory:

Hand weapons
 b - a +0,+0 crossbow
 c - a +0,+2 falchion (weapon)
Missiles
 d - 7 bolts
Armour
 a - a +2 scale mail (worn)
Comestibles
 f - 2 bread rations
 i - a royal jelly
 l - 2 meat rations
 m - a chunk of worker ant flesh
Scrolls
 e - 2 scrolls of teleportation
Potions
 g - a potion of haste
 h - 2 potions of curing {unknown}
 j - a potion of might {unknown}
 k - a potion of agility {unknown}
 p - a potion of invisibility {unknown}


   Skills:
 + Level 2.2 Fighting
 + Level 2.3 Long Blades
 + Level 1.5 Crossbows
 + Level 4.2 Armour
 + Level 2.9 Dodging
 - Level 1.0 Stealth
   Level 1.0 Shields


You had 4 spell levels left.
You didn't know any spells.

Dungeon Overview and Level Annotations

Branches:
Dungeon (4/15)
 Temple: D:4-7

Altars:


Innate Abilities, Weirdness & Mutations

You have very sharp fingernails.
You are surrounded by a mild repulsion field (EV +2).


Message History

The ogre closely misses you.
You slash the ogre!
The ogre is moderately wounded.
You completely miss the ogre.
The ogre is moderately wounded.
The ogre hits you with a giant club!
* * * LOW HITPOINT WARNING * * *
You are too injured to fight recklessly!
Unknown command.
You are feeling hungry.
The ogre barely misses you.
You aren't carrying any items that can be evoked.
You closely miss the ogre.
The ogre is lightly wounded.
The ogre barely misses you.
Some of the chunks of flesh in your inventory have completely rotted away.
You hit the ogre but do no damage.
The ogre is lightly wounded.
The ogre hits you with a giant club!
You die...

)......................>.........
.....##..##..#...#######...#.....
...)###........### #...##..#.
.#.## #.....)### #.......#. )#.#
##......# #...###...
.#.###..%...># ####...####..
...##%).####.### #............
......#.####...######.##...#####)
................@O.........# #.
...<...####....(####.###...# #.
#.....## #...#.####.# ###.# #.
##.....# #.(........# #.# ##.
#..##>## #....#.##### #.####..
#..##..# #...##.#########.#.....
##..###.# #...##.%...............
........# #...###...####...#.....
.(......# #...# #...####.........


You could see an ogre.

Vanquished Creatures
  A scorpion (D:3)
  A worker ant (D:4)
  Ijyb (D:2)
  3 adders (D:3)
  A worm (D:2)
  2 giant geckos (D:3)
  5 orcs (D:3)
  2 giant cockroaches
  9 hobgoblins
  4 kobolds
  A quokka (D:2)
  6 bats
  2 giant newts
  3 goblins
  9 jackals
  5 rats
55 creatures vanquished.

Notes
Turn   | Place    | Note
--------------------------------------------------------------
     0 | D:1      | DasRunzen, the Demonspawn Wanderer, began the quest for the Orb.
     0 | D:1      | Reached XP level 1. HP: 15/15 MP: 1/1
   214 | D:1      | Gained mutation: You are surrounded by a mild repulsion field (EV +2). [demonic ancestry]
   214 | D:1      | Reached XP level 2. HP: 21/21 MP: 2/2
   494 | D:2      | Noticed Ijyb
   521 | D:2      | Killed Ijyb
   521 | D:2      | Reached XP level 3. HP: 17/27 MP: 3/3
   632 | D:2      | Reached skill level 1 in Crossbows
   953 | D:3      | Gained mutation: You have sharp fingernails. [demonic ancestry]
   953 | D:3      | Reached XP level 4. HP: 33/33 MP: 4/4
  1012 | D:3      | Noticed a scorpion
  1016 | D:3      | Killed a scorpion
  1016 | D:3      | Reached skill level 4 in Armour
  1076 | D:3      | Gained mutation: You have very sharp fingernails. [demonic ancestry]
  1076 | D:3      | Reached XP level 5. HP: 38/38 MP: 5/5
  1410 | D:4      | Noticed an ogre
  1499 | D:3      | HP: 1/38 [ogre/giant club (14)]
  1519 | D:3      | Mangled by an ogre

Action                   |  1- 3 |  4- 6 || total
-------------------------+-------+-------++-------
Melee: Falchion          |    26 |    23 ||    49
 Fire: Crossbow          |   104 |    59 ||   163
  Use: Scroll            |     3 |     4 ||     7
